 Dungeon Crawl Stone Soup version 0.24-a0-420-g24607be9ce (webtiles) character file.

Game seed: 16592442737727529164

65 Amnesiac the Chiller (level 3, -3/24 HPs)
             Began as a Mummy Ice Elementalist on June 11, 2019.
             Slain by an ogre
             ... wielding a +0 giant club
              (14 damage)
             ... on level 4 of the Dungeon.
             The game lasted 00:04:28 (1019 turns).

Amnesiac the Chiller (Mummy Ice Elementalist)       Turns: 1019, Time: 00:04:29

Health: -3/24      AC:  2    Str: 11    XL:     3   Next: 92%
Magic:  8/8        EV: 12    Int: 15    God:
Gold:   119        SH:  0    Dex: 12    Spells: 8/9 levels left

rFire    x . .     SeeInvis .   (no weapon)
rCold    + . .     Gourm    .   (no shield)
rNeg     + + +     Faith    .   a - +0 robe
rPois    ∞         Spirit   .   (no helmet)
rElec    .         Reflect  .   (no cloak)
rCorr    .         Harm     .   (no gloves)
MR       .....                  (no boots)
Stlth    +.........             (no amulet)
HPRegen  0.08/turn              b - ring of attention (curse)
MPRegen  0.11/turn              (no ring)

@: no status effects
A: no food or potions, fire vulnerability, cold resistance 1, negative energy
resistance 3, torment resistance, unbreathing
a: no special abilities


You were on level 4 of the Dungeon.
You were not hungry.

You visited 1 branch of the dungeon, and saw 4 of its levels.

You collected 119 gold pieces.

Inventory:

Armour
 a - a +0 robe (worn)
 e - a +0 cloak
Jewellery
 b - a cursed ring of attention (left hand)
Scrolls
 c - a scroll of enchant armour {!r, unknown}
 d - a scroll of magic mapping {!r, unknown}


   Skills:
 - Level 1.5 Dodging
 - Level 1.5 Stealth
 + Level 3.6 Spellcasting
   Level 0.7 Conjurations
 * Level 3.6 Ice Magic


You had 8 spell levels left.
You knew the following spells:

 Your Spells              Type           Power        Failure   Level  Hunger
a - Freeze                Ice            ##..         4%          1    N/A

Your spell library contained the following spells:

 Spells                   Type           Power        Failure   Level  Hunger
 Throw Frost              Conj/Ice       #.....       12%         2    N/A
 Ozocubu's Armour         Chrm/Ice       #.......     26%         3    N/A
 Throw Icicle             Conj/Ice       #.......     58%         4    N/A
 Summon Ice Beast         Ice/Summ       #.......     65%         4    N/A

Dungeon Overview and Level Annotations

Branches:
Dungeon (4/15)
 Temple: D:4-7

Altars:


Innate Abilities, Weirdness & Mutations

You do not eat or drink.
Your flesh is vulnerable to fire.
You are immune to poison.
Your flesh is cold resistant. (rC+)
You are immune to negative energy. (rN+++)
You are immune to unholy pain and torment.
You can survive without breathing.


Message History

You freeze the kobold.
You kill the kobold!
Casting: Freeze (safe; 4% risk of failure)
Confirm with . or Enter, or press ? or * to list all spells.
Aiming: Freeze (safe; 4% risk of failure)
Press: ? - help, Shift-Dir - straight line, f - goblin
Aim: a goblin, wielding a +0 dagger You freeze the goblin.
You kill the goblin!
A rat comes into view.
Casting: Freeze (safe; 4% risk of failure)
Confirm with . or Enter, or press ? or * to list all spells.
You can't see any susceptible monsters within range! (Use Z to cast anyway.)
Casting: Freeze (safe; 4% risk of failure)
Confirm with . or Enter, or press ? or * to list all spells.
You can't see any susceptible monsters within range! (Use Z to cast anyway.)
You see here a +0 dagger.
Casting: Freeze (safe; 4% risk of failure)
Confirm with . or Enter, or press ? or * to list all spells.
Aiming: Freeze (safe; 4% risk of failure)
Press: ? - help, Shift-Dir - straight line, f - rat
Aim: a rat You freeze the rat.
The rat is heavily wounded.
The rat closely misses you.
Casting: Freeze (safe; 4% risk of failure)
Confirm with . or Enter, or press ? or * to list all spells.
Aiming: Freeze (safe; 4% risk of failure)
Press: ? - help, Shift-Dir - straight line, f/p - rat
Aim: a rat (heavily wounded)
You freeze the rat.
You kill the rat!
You start resting.
Magic restored.
You see here a rat corpse.
You see here a rat corpse.
You see here a +0 dagger.
You now have 119 gold pieces (gained 16).
A dart slug comes into view.
The dart slug launches a dart at you. The slug dart hits you.
A dart slug is nearby!
Found a stone staircase leading down.
e - a cloak Wear which item? (? for menu, Esc to quit)
Keep equipping yourself?
You stop putting on your armour.
The centaur shouts!
The centaur unwields a +0 whip.
The centaur wields a +0 shortbow.
The centaur shoots an arrow.
The arrow hits you!
* * * LOW HITPOINT WARNING * * *
You see here an arrow.
Found a scroll labeled VIEKHL UT AGEDU.
There is a stone staircase leading down here.
The adder hisses angrily.
You climb downwards.
A scorpion comes into view.
Found 7 gold pieces.
There is a stone staircase leading up here.
Found a glowing dagger.
There is a stone staircase leading down here.
The ogre hits you with a +0 giant club!
Ouch! That really hurt!
You die...

...#....##.....# .....
................####....
......O.##.#.##.......$##
.....##.............##..#
.....##.........<......#
....O##..<....[........#
.#..............##....###
.#(............O.........#
...............%@s.......)
....................##....
.............###.....# #..
.............. ###..## #
#...#..##...... ....#
######..#..... #...#
#........ #### ###.....#


You could see an ogre and a scorpion.

Vanquished Creatures
  A jelly (D:3)
  2 adders
  A giant cockroach (D:1)
  A goblin (D:3)
  3 hobgoblins (D:2)
  3 jackals (D:1)
  A quokka (D:4)
  A bat (D:3)
  2 kobolds (D:3)
  A rat (D:3)
16 creatures vanquished.

Notes
Turn   | Place    | Note
-------+----------+-------------------------------------------
     0 | D:1      | Amnesiac the Mummy Ice Elementalist began the quest for the
                  | Orb.
     0 | D:1      | Reached XP level 1. HP: 13/13 MP: 4/4
   394 | D:2      | Reached XP level 2. HP: 19/19 MP: 3/5
   461 | D:3      | Reached XP level 3. HP: 3/24 MP: 0/7
   851 | D:4      | Noticed an ogre
  1009 | D:3      | Noticed a centaur
  1014 | D:4      | Noticed a scorpion
  1019 | D:4      | Slain by an ogre

Levels and vault maps discovered:
D:1:      lightli_arrival_noodles, layout_loops_corners
D:2:      layout_basic
D:3:      layout_rooms, led_xom_imps, bloody_makhleb, uniq_ijyb, uniq_terence
D:4:      layout_cave_pools, minmay_temple_entry_grid, serial_park,
          serial_park_paths [serial_park_minivault_5x5_5], serial_park_square2

Skill      XL: |  1  2 |
---------------+-------+-----
Spellcasting   | 3 |  3.6
Ice Magic      | 3 |  3.6
Dodging        | |  1.5
Stealth        | |  1.5
Conjurations   | |  0.7

Action                   || total
-------------------------++-------
Melee: Unarmed           ||     1
 Cast: Freeze            ||    35
Armor: Robe              ||     4
Dodge: Dodged            ||    18

Table legend:
 A = Non-vault XP
 B = Vault XP
 C = Vault XP percentage of total XP
 D = Non-vault monster count
 E = Vault monster count
 F = Vault count percentage of total count
                 A         B        C        D         E       F
            +---------+---------+-------+---------+---------+-------
      Total |      93 |       0 |   0.0 |      16 |       0 |   0.0
            +---------+---------+-------+---------+---------+-------
        D:1 |       8 |       0 |   0.0 |       4 |       0 |   0.0
        D:2 |       6 |       0 |   0.0 |       3 |       0 |   0.0
        D:3 |      64 |       0 |   0.0 |       7 |       0 |   0.0
        D:4 |      15 |       0 |   0.0 |       2 |       0 |   0.0
            +---------+---------+-------+---------+---------+-------
